Map: Eternal Empire LE

Players

PtitDrogo

  • Race: Protoss Protoss
  • League: Master
  • Spawn Location: 7:00

maru - Winner!

  • Race: Terran Terran
  • Spawn Location: 1:00

Event: War Chest Team League

VOD

Have the link to the VOD?

Description

Time

  • Played on: Aug. 16, 2020, 6:55 a.m.
  • Length: 12:04
Show
View Real Time Build Order
Export as new Build Order

PtitDrogo Protoss 

Build Orders: 1 Gate Expand, Blink Stalkers, Colossus Rush 

Get SALT Encoding   

  12  0:01  Probe  
  13  0:13  Probe  
  14  0:17  Pylon  
  14  0:25  Probe (Chrono Boost)  
  15  0:35  Gateway  
  15  0:37  Probe (Chrono Boost)  
  16  0:46  Probe (Chrono Boost)  
  16  0:47  Assimilator  
  17  0:52  Probe  
  18  1:04  Probe  
  19  1:16  Probe  
  20  1:22  Cybernetics Core  
  20  1:33  Nexus  
  20  1:39  Pylon  
  20  1:43  Probe  
  21  1:52  Assimilator  
  21  1:56  Adept (Chrono Boost), Probe  
  24  2:05  Shield Battery  
  24  2:07  Warp Gate  
  24  2:10  Probe  
  25  2:16  Stalker (Chrono Boost)  
  27  2:24  Probe  
  29  2:38  Probe (Chrono Boost)  
  29  2:40  Twilight Council  
  29  2:45  Probe (Chrono Boost)  
  31  2:54  Probe (Chrono Boost)  
  31  2:55  Probe (Chrono Boost)  
  32  3:00  Probe (Chrono Boost)  
  32  3:01  Probe (Chrono Boost)  
  34  3:08  Robotics Facility  
  34  3:12  Probe (Chrono Boost)  
  35  3:18  Probe (Chrono Boost)  
  35  3:19  Blink (Chrono Boost)  
  37  3:20  Probe (Chrono Boost)  
  37  3:25  Probe (Chrono Boost)  
  37  3:26  Probe  
  38  3:30  Gateway  
  38  3:33  Gateway  
  39  3:39  Probe x2  
  41  3:44  Pylon  
  41  3:51  Probe  
  42  4:00  Probe  
  43  4:05  Observer (Chrono Boost)  
  43  4:07  Assimilator  
  43  4:09  Stalker  
  46  4:10  Assimilator  
  46  4:12  Probe x2  
  48  4:18  Nexus  
  48  4:19  Observer  
  48  4:21  Pylon  
  49  4:24  Probe  
  49  4:26  Stalker  
  49  4:28  Probe  
  53  4:36  Pylon, Probe  
  54  4:40  Stalker, Probe  
  54  4:43  Stalker  
  59  4:48  Probe  
  59  4:52  Probe  
  61  4:56  Forge, Robotics Bay  
  61  4:58  Stalker  
  63  5:03  Probe  
  63  5:04  Probe  
  63  5:06  Sentry  
  67  5:10  Pylon  
  67  5:14  Stalker  
  69  5:15  Probe  
  70  5:28  Probe x2  
  70  5:33  Charge  
  70  5:34  Protoss Ground Weapons Level 1 (Chrono Boost)  
  72  5:35  Probe  
  72  5:41  Colossus (Chrono Boost), Probe x2  
  75  5:43  Shield Battery  
  75  5:48  Probe  
  82  5:53  Probe x2  
  84  5:58  Gateway x2  
  84  6:00  Probe  
  84  6:02  Extended Thermal Lance  
  85  6:05  Probe  
  85  6:08  Photon Cannon  
  86  6:14  Gateway  
  86  6:15  Gateway x2  
  86  6:20  Pylon  
  86  6:25  Colossus (Chrono Boost)  
  86  6:27  Gateway  
  92  6:33  Pylon  
  92  6:34  Pylon  
  92  6:39  Templar Archives  
  92  6:42  Photon Cannon  
  92  6:44  Pylon, Probe x2  
  92  6:46  Assimilator x2, Zealot  
  96  6:54  Observer  
  96  6:57  Zealot x3  
  102  7:02  Pylon  
  102  7:03  Warp Prism (Chrono Boost)  
  102  7:11  Zealot x3  
  102  7:12  Zealot x2  
  108  7:19  Stalker  
  108  7:20  High Templar  
  108  7:21  Stalker x2  
  102  7:40  Stalker x3, Zealot  
  102  7:41  Zealot  
  94  7:49  Protoss Ground Armor Level 1 (Chrono Boost), Stalker  
  94  7:50  Stalker x2  
  94  7:51  Colossus (Chrono Boost)  
  100  7:55  Zealot  
  102  8:01  Probe  
  102  8:05  Stalker x3  
  109  8:07  Zealot  
  95  8:24  Zealot x4  
  95  8:26  Zealot  
  91  8:30  High Templar x2  
  91  8:31  Zealot x2  
  99  8:34  Archon  
  99  8:36  Colossus (Chrono Boost)  
  99  8:47  Sentry  
  107  9:02  High Templar x2  
  109  9:06  Zealot x6  
  115  9:11  Archon  
  115  9:12  Nexus  
  115  9:15  Pylon  
  115  9:23  Immortal  
  119  9:34  Shield Battery, High Templar x2, Protoss Ground Weapons Level 2 (Chrono Boost)  
  119  9:35  Zealot x5  
  119  9:36  Shield Battery  
  119  9:38  Archon  
  132  9:49  Pylon  
  132  9:51  Pylon  
  131  9:52  Pylon  
  119  10:07  Stalker x5  
  119  10:08  Zealot x4  
  119  10:27  Nexus  
  119  10:30  Stalker x5  
  129  10:37  Pylon  
  129  10:43  Immortal (Chrono Boost)  
  129  10:44  High Templar x2  
  129  10:49  Archon  
  137  10:51  Zealot x2  
  138  11:05  Zealot x5  
  98  11:31  High Templar x3  
  100  11:32  Sentry  
  100  11:33  Zealot x5  
  100  11:37  Archon  
  100  11:56  Zealot x6  
Show
View Real Time Build Order
Export as new Build Order

maru Terran - Winner!

Build Orders: Reaper Expand 

Get SALT Encoding   

  12  0:00  SCV  
  13  0:12  SCV  
  14  0:17  Supply Depot  
  14  0:24  SCV  
  15  0:39  SCV  
  15  0:41  Barracks  
  16  0:43  Refinery  
  16  0:51  SCV  
  17  1:03  SCV  
  18  1:15  SCV  
  19  1:28  Orbital Command, Reaper  
  20  1:42  Command Center  
  20  1:51  Supply Depot  
  20  1:53  SCV  
  21  1:59  Marine  
  22  2:05  SCV  
  23  2:10  Factory  
  23  2:18  SCV  
  23  2:20  Refinery  
  23  2:22  Barracks Reactor  
  24  2:30  SCV  
  24  2:31  Bunker  
  24  2:36  Marine  
  26  2:42  SCV  
  27  2:54  Hellion, Orbital Command, SCV  
  27  2:57  Barracks Reactor  
  29  3:01  Orbital Command  
  29  3:04  Starport  
  29  3:09  SCV  
  30  3:17  Factory Tech Lab  
  30  3:21  SCV  
  31  3:27  SCV  
  31  3:33  SCV  
  33  3:35  Marine  
  33  3:36  Marine  
  35  3:41  Barracks  
  35  3:42  SCV  
  35  3:45  SCV  
  35  3:53  Raven  
  35  3:54  SCV  
  38  3:57  SCV  
  38  3:59  Supply Depot  
  38  4:00  Factory Tech Lab  
  39  4:04  Marine x2  
  39  4:05  Refinery  
  39  4:07  SCV  
  39  4:09  SCV  
  42  4:17  Command Center  
  42  4:19  Siege Tank  
  42  4:21  SCV  
  42  4:23  SCV  
  47  4:25  Marine x2  
  47  4:29  Supply Depot  
  49  4:33  SCV  
  49  4:35  SCV  
  51  4:41  Stimpack  
  51  4:45  SCV  
  52  4:46  Barracks  
  52  4:47  SCV  
  52  4:51  Siege Tank  
  56  4:55  Engineering Bay  
  56  4:57  SCV  
  56  4:58  Engineering Bay  
  57  5:02  Marine  
  57  5:03  Marauder  
  57  5:04  Marine  
  57  5:06  Starport Reactor  
  61  5:10  Supply Depot, SCV  
  62  5:22  Terran Infantry Weapons Level 1  
  62  5:24  Supply Depot, Terran Infantry Armor Level 1  
  62  5:29  SCV x2  
  62  5:30  Refinery  
  64  5:37  Marine x2  
  64  5:38  Marauder, Barracks Tech Lab  
  64  5:39  Orbital Command  
  64  5:41  SCV  
  69  5:43  SCV  
  69  5:45  Medivac  
  69  5:47  Medivac  
  74  5:53  SCV  
  74  5:56  Combat Shield  
  75  5:57  Marine x2  
  75  6:00  Marauder  
  75  6:02  Marauder  
  81  6:05  Barracks  
  81  6:10  Barracks  
  81  6:12  SCV x2  
  81  6:15  Marine  
  81  6:16  Supply Depot, Orbital Command  
  84  6:19  Siege Tank  
  84  6:22  Concussive Shells  
  84  6:24  SCV  
  84  6:25  Marauder x2, SCV  
  93  6:30  Supply Depot  
  93  6:38  SCV x2  
  95  6:41  Supply Depot  
  95  6:43  SCV  
  95  6:46  Marauder x2, Marine  
  101  6:52  Medivac, Marine  
  101  6:53  Medivac  
  106  6:55  SCV x2  
  108  7:02  Barracks Reactor, Barracks Tech Lab  
  108  7:04  Supply Depot  
  108  7:06  SCV  
  108  7:07  Marine  
  108  7:08  Marauder  
  112  7:13  Siege Tank  
  112  7:17  SCV x2  
  112  7:18  SCV  
  112  7:21  Supply Depot  
  115  7:23  Supply Depot  
  115  7:28  Armory  
  115  7:34  Marauder, Marine  
  65  7:37  Medivac x2  
  110  7:39  SCV  
  110  7:43  SCV  
  113  7:47  Marauder, Marine  
  113  7:48  Marine x2  
  113  7:49  Marauder  
  113  7:50  SCV  
  113  7:56  Marauder  
  113  7:57  SCV x2  
  115  7:59  Refinery  
  115  8:00  Refinery  
  115  8:02  SCV  
  116  8:07  Viking x2, Marine x4  
  121  8:18  Terran Infantry Weapons Level 2  
  114  8:20  Marine x2  
  114  8:21  Marauder  
  114  8:23  SCV x2  
  114  8:27  Marine x2  
  113  8:35  SCV x3  
  113  8:37  Command Center, Terran Infantry Armor Level 2  
  113  8:39  Marauder x2  
  120  8:43  Marine x2  
  122  8:49  Viking x2  
  122  8:51  Marauder  
  128  9:02  Marauder x2, Marine x4  
  136  9:06  Supply Depot  
  136  9:12  Marauder  
  138  9:17  SCV x2  
  138  9:18  Supply Depot x2  
  138  9:21  Ghost Academy  
  140  9:27  Viking x2  
  140  9:28  Marauder x2, Marine  
  149  9:32  Marine  
  149  9:36  Marauder, Marine  
  153  9:41  Marine  
  154  9:46  Marine  
  154  9:49  Marauder x2  
  154  9:51  Siege Tank  
  162  9:58  Marauder  
  159  10:04  Marine  
  159  10:05  Marine  
  138  10:09  Viking x2  
  138  10:11  Marauder x2  
  138  10:12  Marine  
  140  10:14  Marine  
  140  10:16  SCV  
  140  10:17  SCV x2  
  140  10:19  Marauder  
  146  10:22  Marine  
  146  10:25  Enhanced Shockwaves  
  146  10:27  Barracks  
  147  10:28  Barracks, Siege Tank  
  147  10:30  Barracks  
  147  10:32  Marine x2  
  147  10:33  Marine  
  157  10:40  Marine  
  160  10:43  Viking  
  160  10:45  Viking  
  164  10:50  Marine x3  
  164  10:53  Planetary Fortress  
  167  10:58  Marine  
  167  11:00  Marine, Unknown x2  
  167  11:08  Marine x3  
  167  11:09  Marauder, Unknown  
  170  11:13  Viking  
  170  11:15  Viking  
  170  11:16  Marine  
  161  11:18  Marauder  
  143  11:25  SCV  
  143  11:26  Marine x3, SCV x2  
  143  11:28  Barracks Tech Lab  
  143  11:29  Marauder, Unknown  
  143  11:30  Barracks Tech Lab  
  143  11:31  Marauder, Barracks Reactor  
  143  11:32  SCV  
  154  11:34  Marine  
  157  11:40  Marauder  
Tags
 
Add a new tag
Caveats
  • Supply blocks, unpowered buildings, or Contaminate may cause inaccurate times.
  • Supply counts are checked every 10 seconds.